 Dungeon Crawl Stone Soup version 0.28-a0-1638-g9123634e07 (webtiles) character file.

Game seed: 13677416517173587358

30 Sweetruy1997 the Skirmisher (level 3, 0/31 HPs)
             Began as a Palentonga Fighter on Jan 26, 2022.
             Slain by an adder (4 damage)
             ... on level 1 of the Dungeon.
             The game lasted 00:02:44 (694 turns).

Sweetruy1997 the Skirmisher (Palentonga Fighter)     Turns: 694, Time: 00:02:45

Health: 0/31       AC:  7    Str: 19    XL:     3   Next: 5%
Magic:  3/3        EV:  4    Int:  8    God:
Gold:   27         SH: 11    Dex: 11    Spells: 2/2 levels left

rFire   . . .      SeeInvis +   a - +0 war axe
rCold   . . .      Faith    .   e - +0 tower shield
rNeg    . . .      Spirit   .   b - +0 scale mail
rPois   .          Reflect  .   (no helmet)
rElec   .          Harm     .   g - +0 cloak
rCorr   .          Rampage  .   (no gloves)
Will    .....                   (no barding)
Stlth   ..........              (no amulet)
HPRegen 0.10/turn               (no ring)
MPRegen 0.08/turn               (no ring)

@: mighty
A: large, rugged brown scales 3, see invisible, deformed body, roll 1, armoured
tail
a: Rolling Charge


You were on level 1 of the Dungeon.
You visited 1 branch of the dungeon, and saw 2 of its levels.

You collected 27 gold pieces.

Inventory:

Hand Weapons
 a - a +0 war axe (weapon)
Armour
 b - a +0 scale mail (worn)
 e - a +0 tower shield (worn)
 g - a +0 cloak (worn)
Scrolls
 c - a scroll of immolation {unknown}
 f - a scroll of fog {unknown}


   Skills:
 + Level 3.3 Fighting
 + Level 2.4 Axes
 + Level 2.7 Armour
 + Level 0.1 Dodging
 + Level 2.6 Shields


You had 2 spell levels left.
You didn't know any spells.
Your spell library was empty.

Dungeon Overview and Level Annotations

Branches:
Dungeon (2/15)

Altars:

Annotations:
D:2 Jessica


Innate Abilities, Weirdness & Mutations

You are completely covered in rugged brown scales. (AC +3, +7% HP)
You have supernaturally acute eyesight. (SInv)
Armour fits poorly on your strangely shaped body.
You can roll at nearby foes to attack.
You have a long armoured tail.


Message History

Jessica points at you and mumbles some strange words.
Pain shoots through your body! You block the adder's attack.
Jessica hits you with a +0 club!
* * * LOW HITPOINT WARNING * * *
Unknown command.
You feel very mighty all of a sudden. You block the adder's attack.
The adder bites you.
* * * LOW HITPOINT WARNING * * *
Jessica zaps a wand.
You turn into an insubstantial wisp.
Your +0 war axe melds into your body.
Your +0 cloak melds into your body.
Your +0 tower shield melds into your body.
Your +0 scale mail melds into your body.
The adder barely misses you.
Jessica gestures wildly while chanting.
Jessica blinks!
The adder misses you. Jessica closely misses you. The adder bites you.
* * * LOW HITPOINT WARNING * * *
Jessica casts a spell.
Jessica blinks!
You see here a +0 dagger.
Your transformation is almost over.
There is a stone staircase leading up here.
The adder closely misses you. x2
You fly upwards.
There is a stone staircase leading down here.
The adder closely misses you. The adder closely misses you.
The adder completely misses you.
There is an open door here.
The adder misses you. The adder completely misses you.
Your transformation has ended.
Your +0 war axe unmelds from your body.
Your +0 cloak unmelds from your body.
Your +0 tower shield unmelds from your body.
Your +0 scale mail unmelds from your body.
You block the adder's attack.
You barely miss the adder. The adder bites you.
You die...

#.........†####......
###.##...............
#.##..#...###).....
#...#.#.#..######..
###.#.#...>######..
#.#....#.##......
#############....##
######.....<....(#######
#####......@S.............##
###...........###'###.........
##......##'###'##...##'###'##..
#....#'##...#...#.>.#...#...##'
#..###..#...#...#...#...#...#..
##'##...#...##.#######.##...#..
#...#...#...####P.P.P#'##§..#..
#...#...#...##.....PP..##...#.§
#≈≈≈#≈≈≈#≈≈≈#..P...P.P..#≈≈≈#§≈


You could see an adder.

Vanquished Creatures
  A worm (D:2)
  An endoplasm (D:1)
  6 hobgoblins
  4 kobolds (D:1)
  A quokka (D:1)
  4 ball pythons
  4 frilled lizards (D:1)
  4 goblins (D:1)
  A rat (D:2)
26 creatures vanquished.

Vanquished Creatures (others)
  6 fungi (D:1)
6 creatures vanquished.

Grand Total: 32 creatures vanquished

Notes
Turn   | Place    | Note
-------+----------+-------------------------------------------
     0 | D:1      | Sweetruy1997 the Palentonga Fighter began the quest for the
                  | Orb.
     0 | D:1      | Reached XP level 1. HP: 19/19 MP: 1/1
    92 | D:1      | Reached XP level 2. HP: 25/25 MP: 2/2
   661 | D:2      | Reached XP level 3. HP: 21/31 MP: 3/3
   671 | D:2      | Noticed Jessica
   694 | D:1      | Slain by an adder

Illustrated notes

Levels and vault maps discovered:
D:1:      dpeg_arrival_water_fire, layout_rooms
D:2:      layout_rooms, uniq_jessica

Action                   || total
-------------------------++-------
Melee: War axe           ||    58
       Tailslap          ||     9
 Abil: Rolling Charge    ||     9
  Use: Potion            ||     1
Armor: Scale mail        ||    26
Dodge: Dodged            ||    23
Block: Tower shield      ||    40
       Buckler           ||     3

Table legend: (Time is in decaauts)
 A = Elapsed time spent in this place.
 B = Non-inter-level travel time spent in this place.
 C = Inter-level travel time spent in this place.
 D = Time resting spent in this place.
 E = Time spent auto-exploring this place.
 F = Levels seen in this place.
 G = Mean time per level.
                   A        B        C        D        E       F      G
               +--------+--------+--------+--------+--------+-----+--------+
         Total |    730 |    710 |     20 |      0 |    521 |   2 |  365.0 |
       Dungeon |    730 |    710 |     20 |      0 |    521 |   2 |  365.0 |
               +--------+--------+--------+--------+--------+-----+--------+

Top non-repeatable levels by time:
     D:1: 695 daAuts
     D:2: 35 daAuts
